| TOP OF THE 1ST |
|
Syracuse Chiefs batting - Pitching for Las Vegas 51s : RHP Austin Kuhn
|
|
Pitching: RHP Austin Kuhn
|
|
|
Batting: RHB Dusty Ballard
|
0-0: Ball 1-0: Ball 2-0: Fly out, F7 (Flyball, 78S, EV 83.8 MPH)
|
|
Batting: LHB Kyung-jin Cho
|
0-0: Ball 1-0: Fly out, F6 (Popup, 6S, EV 61.2 MPH)
|
|
Batting: RHB Kevin Whitenack
|
0-0: Ball 1-0: Called Strike 1-1: Swinging Strike 1-2: Ball 2-2: Strikes out swinging, 2-3 out at first.
|
| Top of the 1st over - 0 runs, 0 hits, 0 errors, 0 left on base; Syracuse 0 - Las Vegas 0 |
| BOTTOM OF THE 1ST |
|
Las Vegas 51s batting - Pitching for Syracuse Chiefs : LHP Harry Osborne
|
|
Pitching: LHP Harry Osborne
|
|
|
Batting: SHB Jason Larson
|
0-0: Ball 1-0: Called Strike 1-1: Swinging Strike 1-2: Ball 2-2: Foul Ball, location: 2F 2-2: Ground out 5-3 (Groundball, 56D, EV 80.6 MPH)
|
|
Batting: LHB Adam Hairston
|
0-0: Ball 1-0: Fly out, F9 (Flyball, 9D, EV 99.4 MPH)
|
|
Batting: RHB Josh Jones
|
0-0: SINGLE (Groundball, 4, EV 100.0 MPH)
|
|
Batting: SHB Nelson Powell
|
0-0: Called Strike 0-1: Ball 1-1: Foul Ball, location: 2F 1-2: Foul Ball, location: 2F 1-2: Foul Ball, location: 2F 1-2: Ball 2-2: Strikes out swinging
|
| Bottom of the 1st over - 0 runs, 1 hit, 0 errors, 1 left on base; Syracuse 0 - Las Vegas 0 |
| TOP OF THE 2ND |
|
Syracuse Chiefs batting - Pitching for Las Vegas 51s : RHP Austin Kuhn
|
|
Batting: LHB Doug Anderson
|
0-0: Ball 1-0: Foul Ball, location: 2F 1-1: Swinging Strike 1-2: Strikes out looking
|
|
Batting: LHB Alexis Cantu
|
0-0: Swinging Strike 0-1: Ball 1-1: Called Strike 1-2: Strikes out swinging
|
|
Batting: RHB Mike Buchanan
|
0-0: Foul Ball, location: 2F 0-1: Foul Ball, location: 2F 0-2: Strikes out swinging
|
| Top of the 2nd over - 0 runs, 0 hits, 0 errors, 0 left on base; Syracuse 0 - Las Vegas 0 |
| BOTTOM OF THE 2ND |
|
Las Vegas 51s batting - Pitching for Syracuse Chiefs : LHP Harry Osborne
|
|
Batting: LHB Bill Armijo
|
0-0: Called Strike 0-1: Fly out, F7 (Flyball, 7, EV 77.5 MPH)
|
|
Batting: RHB Ken Fitzpatrick
|
0-0: SINGLE (Line Drive, 89S, EV 97.5 MPH)
|
|
Batting: RHB Roger Renteria
|
0-0: Ball 1-0: SINGLE (Groundball, 34D, EV 93.8 MPH) Ken Fitzpatrick to second
|
|
Batting: LHB Jose Chavez
|
0-0: Foul Ball, location: 2F 0-1: Foul Ball, location: 2F 0-2: Fly out, F8 (Flyball, 8LXD, EV 108.8 MPH) Runner from 2nd tags up, SAFE at 3rd, no throw by CF
|
|
Batting: RHB Alex Vasquez
|
0-0: Ball 1-0: Called Strike 1-1: Fielders Choice at 2nd, 5-4 (Groundball, 56, EV 91.9 MPH)
|
| Bottom of the 2nd over - 0 runs, 2 hits, 0 errors, 2 left on base; Syracuse 0 - Las Vegas 0 |
| TOP OF THE 3RD |
|
Syracuse Chiefs batting - Pitching for Las Vegas 51s : RHP Austin Kuhn
|
|
Batting: LHB Tom Reynolds
|
0-0: Swinging Strike 0-1: Ball 1-1: Ball 2-1: DOUBLE (Line Drive, 7LD, EV 103.8 MPH)
|
|
Batting: RHB Gabe Almazan
|
0-0: Foul Ball, location: 2F 0-1: Ball 1-1: Swinging Strike 1-2: Strikes out swinging
|
|
Batting: RHB Ryan Hiemer
|
0-0: Foul Ball, location: 2F 0-1: Ball 1-1: Called Strike 1-2: Ball 2-2: Foul Ball, location: 2F 2-2: Foul Ball, location: 2F 2-2: Ball 3-2: Ground out 5-3 (Groundball, 5, EV 108.1 MPH)
|
|
Batting: RHB Dusty Ballard
|
0-0: Called Strike 0-1: Foul Ball, location: 2F 0-2: Strikes out swinging
|
| Top of the 3rd over - 0 runs, 1 hit, 0 errors, 1 left on base; Syracuse 0 - Las Vegas 0 |
| BOTTOM OF THE 3RD |
|
Las Vegas 51s batting - Pitching for Syracuse Chiefs : LHP Harry Osborne
|
|
Batting: SHB Jason Larson
|
0-0: SINGLE (Groundball, 56D, EV 103.1 MPH)
|
|
Batting: LHB Adam Hairston
|
0-0: Ball 1-0: Ball 2-0: Foul Ball, location: 2F 2-1: Swinging Strike 2-2: Ball 3-2: Strikes out swinging
|
|
Batting: RHB Josh Jones
|
0-0: Called Strike 0-1: Fly out, F6 (Popup, 6MS, EV 70.0 MPH)
|
|
Batting: SHB Nelson Powell
|
0-0: Ball 1-0: Ball 2-0: Called Strike 2-1: Ground out 4-3 (Groundball, 34, EV 98.1 MPH)
|
| Bottom of the 3rd over - 0 runs, 1 hit, 0 errors, 1 left on base; Syracuse 0 - Las Vegas 0 |
| TOP OF THE 4TH |
|
Syracuse Chiefs batting - Pitching for Las Vegas 51s : RHP Austin Kuhn
|
|
Batting: LHB Kyung-jin Cho
|
0-0: Called Strike 0-1: Ball 1-1: Foul Ball, location: 2F 1-2: Foul Ball, location: 2F 1-2: Strikes out swinging
|
|
Batting: RHB Kevin Whitenack
|
0-0: Ball 1-0: Ball 2-0: Called Strike 2-1: SINGLE (Groundball, 56D, EV 98.8 MPH)
|
|
Batting: LHB Doug Anderson
|
0-0: Called Strike 0-1: Ball 1-1: Ball 2-1: Ball 3-1: Base on Balls Kevin Whitenack to second
|
|
Batting: LHB Alexis Cantu
|
0-0: Called Strike 0-1: Called Strike Balk! Kevin Whitenack to third Doug Anderson to second 0-2: Ball 1-2: Fly out, F7 (Flyball, 7S, EV 91.2 MPH) Runner from 3rd tags up, OUT at HOME! 7-2
|
| Top of the 4th over - 0 runs, 1 hit, 0 errors, 1 left on base; Syracuse 0 - Las Vegas 0 |
| BOTTOM OF THE 4TH |
|
Las Vegas 51s batting - Pitching for Syracuse Chiefs : LHP Harry Osborne
|
|
Batting: LHB Bill Armijo
|
0-0: Ball 1-0: Swinging Strike 1-1: Called Strike 1-2: Foul Ball, location: 2F 1-2: Foul Ball, location: 2F 1-2: Ground out 5-3 (Groundball, 5, EV 88.1 MPH)
|
|
Batting: RHB Ken Fitzpatrick
|
0-0: Foul Ball, location: 2F 0-1: Ball 1-1: Foul Ball, location: 2F 1-2: Ball 2-2: Fly out, F7 (Flyball, 7, EV 94.4 MPH)
|
|
Batting: RHB Roger Renteria
|
0-0: Ground out 6-3 (Groundball, 6, EV 77.5 MPH)
|
| Bottom of the 4th over - 0 runs, 0 hits, 0 errors, 0 left on base; Syracuse 0 - Las Vegas 0 |
| TOP OF THE 5TH |
|
Syracuse Chiefs batting - Pitching for Las Vegas 51s : RHP Austin Kuhn
|
|
Batting: RHB Mike Buchanan
|
0-0: Foul Ball, location: 2F 0-1: Ball 1-1: SINGLE (Groundball, 34D, EV 104.4 MPH)
|
|
Batting: LHB Tom Reynolds
|
0-0: Called Strike 0-1: Called Strike Pickoff Throw by Catcher to First - Error! E2 Mike Buchanan to second 0-2: Foul Ball, location: 2F 0-2: Ball 1-2: Foul Ball, location: 2F 1-2: Foul Ball, location: 2F 1-2: Strikes out looking
|
|
Batting: RHB Gabe Almazan
|
0-0: Ball 1-0: Ball 2-0: Ball 3-0: Base on Balls
|
|
Batting: RHB Ryan Hiemer
|
0-0: Foul Ball, location: 2F 0-1: Ball 1-1: Ball 2-1: Called Strike 2-2: Ball 3-2: Base on Balls Mike Buchanan to third Gabe Almazan to second
|
|
Batting: RHB Dusty Ballard
|
0-0: Ball 1-0: Called Strike 1-1: Called Strike 1-2: Ball 2-2: Ball 3-2: Base on Balls Mike Buchanan scores Gabe Almazan to third Ryan Hiemer to second
|
|
Batting: LHB Kyung-jin Cho
|
0-0: Ball 1-0: Called Strike 1-1: Ball 2-1: Ball 3-1: Base on Balls Gabe Almazan scores Ryan Hiemer to third Dusty Ballard to second
|
|
Batting: RHB Kevin Whitenack
|
0-0: Foul Ball, location: 2F 0-1: Ball 1-1: Ball 2-1: Ball 3-1: Called Strike 3-2: Foul Ball, location: 2F 3-2: Base on Balls Ryan Hiemer scores Dusty Ballard to third Kyung-jin Cho to second
|
|
Batting: LHB Doug Anderson
|
0-0: Foul Ball, location: 2F 0-1: SINGLE (Groundball, 4MD, EV 96.9 MPH) Dusty Ballard scores Kyung-jin Cho to third Kevin Whitenack to second Runner from 3rd tries for Home, SAFE, throw by CF to home
|
|
Pitching: RHP Brian Wood
|
|
|
Batting: LHB Alexis Cantu
|
0-0: Ball 1-0: Foul Ball, location: 2F 1-1: Foul Ball, location: 2F 1-2: Ball 2-2: Strikes out swinging
|
|
Batting: RHB Mike Buchanan
|
0-0: Called Strike 0-1: Foul Ball, location: 2F 0-2: Strikes out swinging
|
| Top of the 5th over - 5 runs, 2 hits, 1 error, 2 left on base; Syracuse 5 - Las Vegas 0 |
| BOTTOM OF THE 5TH |
|
Las Vegas 51s batting - Pitching for Syracuse Chiefs : LHP Harry Osborne
|
|
Batting: LHB Jose Chavez
|
0-0: Swinging Strike 0-1: Ball 1-1: Called Strike 1-2: Foul Ball, location: 2F 1-2: Ball 2-2: Foul Ball, location: 2F 2-2: Fly out, F8 (Flyball, 8RM, EV 91.2 MPH)
|
|
Batting: RHB Alex Vasquez
|
0-0: Ball 1-0: Called Strike 1-1: Called Strike 1-2: Strikes out swinging
|
|
Batting: SHB Jason Larson
|
0-0: Ball 1-0: Foul Ball, location: 2F 1-1: Swinging Strike 1-2: Ground out 5-3 (Groundball, 56S, EV 83.8 MPH)
|
| Bottom of the 5th over - 0 runs, 0 hits, 0 errors, 0 left on base; Syracuse 5 - Las Vegas 0 |
| TOP OF THE 6TH |
|
Syracuse Chiefs batting - Pitching for Las Vegas 51s : RHP Brian Wood
|
|
Batting: LHB Tom Reynolds
|
0-0: Ball 1-0: Foul Ball, location: 2F 1-1: Ball 2-1: Foul Ball, location: 2F 2-2: Ball 3-2: SINGLE (Flyball, 7LS, EV 90.6 MPH)
|
|
Batting: RHB Gabe Almazan
|
0-0: Called Strike 0-1: Foul Ball, location: 3F, Error on foul ball, E3 0-2: Strikes out swinging
|
|
Batting: RHB Ryan Hiemer
|
0-0: Called Strike 0-1: Ball 1-1: Foul Ball, location: 2F 1-2: Fielders Choice at 2nd, 6-4 (Groundball, 56, EV 89.4 MPH)
|
|
Batting: RHB Dusty Ballard
|
0-0: Foul Ball, location: 2F 0-1: Called Strike Ryan Hiemer steals 2nd base 0-2: Strikes out swinging
|
| Top of the 6th over - 0 runs, 1 hit, 1 error, 1 left on base; Syracuse 5 - Las Vegas 0 |
| BOTTOM OF THE 6TH |
|
Las Vegas 51s batting - Pitching for Syracuse Chiefs : LHP Harry Osborne
|
|
Batting: LHB Adam Hairston
|
0-0: Called Strike 0-1: Called Strike 0-2: Ground out 6-3 (Groundball, 56, EV 85.6 MPH)
|
|
Batting: RHB Josh Jones
|
0-0: Swinging Strike 0-1: Called Strike 0-2: Ball 1-2: Ball 2-2: Ball 3-2: Foul Ball, location: 2F 3-2: Base on Balls
|
|
Batting: SHB Nelson Powell
|
0-0: Ball Josh Jones is caught stealing 2nd base 2-4 1-0: Foul Ball, location: 2F 1-1: Foul Ball, location: 2F 1-2: Ground out 1-3 (Groundball, 34S, EV 66.2 MPH)
|
| Bottom of the 6th over - 0 runs, 0 hits, 0 errors, 0 left on base; Syracuse 5 - Las Vegas 0 |
| TOP OF THE 7TH |
|
Syracuse Chiefs batting - Pitching for Las Vegas 51s : RHP Brian Wood
|
|
Batting: LHB Kyung-jin Cho
|
0-0: Called Strike 0-1: Foul Ball, location: 2F 0-2: Strikes out swinging
|
|
Batting: RHB Kevin Whitenack
|
0-0: Swinging Strike 0-1: Swinging Strike 0-2: Ball 1-2: Strikes out swinging
|
|
Batting: LHB Doug Anderson
|
0-0: Ball 1-0: Ball 2-0: Swinging Strike 2-1: Foul Ball, location: 2F 2-2: Ball 3-2: SINGLE (Groundball, 3S, EV 68.8 MPH) (infield hit)
|
|
Batting: LHB Alexis Cantu
|
0-0: Foul Ball, location: 2F 0-1: Swinging Strike 0-2: SINGLE (Line Drive, 3D, EV 96.9 MPH) Doug Anderson to second Runner from 2nd tries for 3rd, SAFE, throw by RF made to third
|
|
Batting: RHB Mike Buchanan
|
0-0: Called Strike 0-1: Foul Ball, location: 2F 0-2: Foul Ball, location: 2F 0-2: Strikes out looking
|
| Top of the 7th over - 0 runs, 2 hits, 0 errors, 2 left on base; Syracuse 5 - Las Vegas 0 |
| BOTTOM OF THE 7TH |
|
Las Vegas 51s batting - Pitching for Syracuse Chiefs : LHP Harry Osborne
|
|
Batting: LHB Bill Armijo
|
0-0: Ball 1-0: Called Strike 1-1: Ground out 4-3 (Groundball, 34, EV 98.1 MPH)
|
|
Batting: RHB Ken Fitzpatrick
|
0-0: Ground out 4-3 (Groundball, 6MD, EV 83.8 MPH)
|
|
Batting: RHB Roger Renteria
|
0-0: Ball 1-0: Ball 2-0: Called Strike 2-1: Fly out, F5 (Popup, 56S, EV 85.0 MPH)
|
| Bottom of the 7th over - 0 runs, 0 hits, 0 errors, 0 left on base; Syracuse 5 - Las Vegas 0 |
| TOP OF THE 8TH |
|
Syracuse Chiefs batting - Pitching for Las Vegas 51s : RHP Brian Wood
|
|
Batting: LHB Tom Reynolds
|
0-0: Called Strike 0-1: Foul Ball, location: 2F 0-2: Strikes out looking
|
|
Batting: RHB Gabe Almazan
|
0-0: Fly out, F7 (Flyball, 7, EV 86.9 MPH)
|
|
Batting: RHB Ryan Hiemer
|
0-0: SINGLE (Groundball, 4M, EV 92.5 MPH) (infield hit)
|
|
Batting: RHB Dusty Ballard
|
0-0: Ball Ryan Hiemer is caught stealing 2nd base 2-4
|
| Top of the 8th over - 0 runs, 1 hit, 0 errors, 0 left on base; Syracuse 5 - Las Vegas 0 |
| BOTTOM OF THE 8TH |
|
Las Vegas 51s batting - Pitching for Syracuse Chiefs : LHP Harry Osborne
|
|
Batting: LHB Jose Chavez
|
0-0: Ball 1-0: Ball 2-0: Called Strike 2-1: Foul Ball, location: 2F 2-2: Strikes out swinging
|
|
Pitching: RHP Dan Johnson
|
|
|
Batting: RHB Alex Vasquez
|
0-0: Fly out, F6 (Popup, P, EV 76.9 MPH)
|
|
Batting: SHB Jason Larson
|
0-0: Ball 1-0: Swinging Strike 1-1: Foul Ball, location: 2F 1-2: Ball 2-2: Fly out, F7 (Flyball, 7, EV 96.9 MPH)
|
| Bottom of the 8th over - 0 runs, 0 hits, 0 errors, 0 left on base; Syracuse 5 - Las Vegas 0 |
| TOP OF THE 9TH |
|
Syracuse Chiefs batting - Pitching for Las Vegas 51s : RHP Brian Wood
|
|
Batting: RHB Dusty Ballard
|
0-0: Ball 1-0: Called Strike 1-1: SINGLE (Groundball, 56D, EV 95.6 MPH)
|
|
Pitching: LHP Ken Dewey
|
|
|
Batting: LHB Kyung-jin Cho
|
0-0: Swinging Strike 0-1: Fly out, F8 (Flyball, 8RM, EV 92.5 MPH)
|
|
Batting: RHB Kevin Whitenack
|
0-0: Called Strike 0-1: Fly out, F8 (Flyball, 8RXD, EV 107.5 MPH)
|
|
Batting: LHB Doug Anderson
|
0-0: Ball Pickoff Throw by Catcher to First - Error! E2 Dusty Ballard to second 1-0: Swinging Strike 1-1: Ground out 5-3 (Groundball, 5L, EV 78.8 MPH)
|
| Top of the 9th over - 0 runs, 1 hit, 1 error, 1 left on base; Syracuse 5 - Las Vegas 0 |
| BOTTOM OF THE 9TH |
|
Las Vegas 51s batting - Pitching for Syracuse Chiefs : RHP Dan Johnson
|
|
Batting: LHB Adam Hairston
|
0-0: Ball 1-0: SINGLE (Line Drive, 8LS, EV 90.6 MPH)
|
|
Batting: RHB Josh Jones
|
0-0: Ball 1-0: Ball 2-0: Foul Ball, location: 2F 2-1: Ball 3-1: Base on Balls Adam Hairston to second
|
|
Batting: SHB Nelson Powell
|
0-0: Called Strike 0-1: Foul Ball, location: 2F 0-2: Ball 1-2: Ball 2-2: SINGLE (Groundball, 5D, EV 103.1 MPH) Adam Hairston to third Josh Jones to second
|
|
Pitching: LHP Mike Alcaraz
|
|
|
Pinch Hitting: RHB Zhao-ying Joe
|
0-0: Fly out, F9 (Flyball, 89S, EV 81.2 MPH)
|
|
Batting: RHB Ken Fitzpatrick
|
0-0: Fielders Choice at 2nd, 6-4 (Groundball, 6, EV 80.6 MPH) Adam Hairston scores Josh Jones to third
|
|
Pitching: LHP Kerry Baty
|
|
|
Batting: RHB Roger Renteria
|
0-0: Ball 1-0: Ball 2-0: Ball 3-0: Called Strike 3-1: Swinging Strike 3-2: SINGLE (Groundball, 56D, EV 95.0 MPH) Josh Jones scores Ken Fitzpatrick to second Ken Fitzpatrick to third
|
|
Pinch Hitting: SHB Harrison Feist
|
0-0: Ball 1-0: Called Strike 1-1: Foul Ball, location: 2F 1-2: Ball 2-2: 3-RUN HOME RUN (Flyball, 9D, EV 98.1 MPH), Distance : 385 ft
|
|
Batting: RHB Alex Vasquez
|
0-0: Ball 1-0: Swinging Strike 1-1: SINGLE (Groundball, 34D, EV 103.8 MPH)
|
|
Batting: SHB Jason Larson
|
0-0: Fielders Choice at 2nd, 5-4 (Groundball, 56, EV 83.8 MPH)
|
| Bottom of the 9th over - 5 runs, 5 hits, 0 errors, 1 left on base; Syracuse 5 - Las Vegas 5 |
| TOP OF THE 10TH |
|
Syracuse Chiefs batting - Pitching for Las Vegas 51s : LHP Ken Dewey
|
|
Pitching: RHP Alastair Henry
|
|
|
Now in LF: Zhao-ying Joe
|
|
|
Now in RF: Devine Adams
|
|
|
Batting: LHB Alexis Cantu
|
0-0: Swinging Strike 0-1: Swinging Strike 0-2: Ball 1-2: Foul Ball, location: 2F 1-2: Foul Ball, location: 2F 1-2: Ball 2-2: Ball 3-2: Base on Balls
|
|
Batting: RHB Mike Buchanan
|
0-0: Sac Bunt to P - play at first, batter OUT! 1-3 Alexis Cantu to second
|
|
Batting: LHB Tom Reynolds
|
0-0: Intentional Walk
|
|
Batting: RHB Gabe Almazan
|
0-0: Ball 1-0: Swinging Strike 1-1: Hit by Pitch Alexis Cantu to third Tom Reynolds to second
|
|
Batting: RHB Ryan Hiemer
|
0-0: Grounds into fielders choice 5-2 (Groundball, 5, EV 86.9 MPH) Tom Reynolds to third Gabe Almazan to second
|
|
Batting: RHB Dusty Ballard
|
0-0: Ball 1-0: Swinging Strike 1-1: Ball 2-1: Ball 3-1: Base on Balls Tom Reynolds scores Gabe Almazan to third Ryan Hiemer to second
|
|
Batting: LHB Kyung-jin Cho
|
0-0: Ball 1-0: Called Strike 1-1: Foul Ball, location: 2F 1-2: SINGLE (Groundball, 34S, EV 65.6 MPH) (infield hit) Gabe Almazan scores Ryan Hiemer to third Dusty Ballard to second
|
|
Batting: RHB Kevin Whitenack
|
0-0: Ball 1-0: Ball 2-0: Ball 3-0: Base on Balls Ryan Hiemer scores Dusty Ballard to third Kyung-jin Cho to second
|
|
Batting: LHB Doug Anderson
|
0-0: Ball 1-0: Ball 2-0: Called Strike 2-1: Swinging Strike 2-2: Foul Ball, location: 2F 2-2: Ball 3-2: Ground out 5-3 (Groundball, 56, EV 105.6 MPH)
|
| Top of the 10th over - 3 runs, 1 hit, 0 errors, 3 left on base; Syracuse 8 - Las Vegas 5 |
| BOTTOM OF THE 10TH |
|
Las Vegas 51s batting - Pitching for Syracuse Chiefs : LHP Kerry Baty
|
|
Pitching: RHP Ruben Nevarel
|
|
|
Batting: LHB Adam Hairston
|
0-0: Ball 1-0: Ball 2-0: Ball 3-0: Called Strike 3-1: Base on Balls
|
|
Batting: RHB Josh Jones
|
0-0: Fly out, F8 (Flyball, 89XD, EV 102.5 MPH)
|
|
Batting: SHB Nelson Powell
|
0-0: Fly out, F8 (Flyball, 8LD, EV 98.1 MPH)
|
|
Batting: RHB Zhao-ying Joe
|
0-0: Called Strike 0-1: Swinging Strike 0-2: Ball 1-2: Ball 2-2: Ball 3-2: SINGLE (Groundball, 6D, EV 100.0 MPH) Adam Hairston to second Adam Hairston to third
|
|
Batting: RHB Ken Fitzpatrick
|
0-0: Called Strike 0-1: Called Strike 0-2: Fly out, F9 (Flyball, 9D, EV 105.0 MPH)
|
| Bottom of the 10th over - 0 runs, 1 hit, 0 errors, 2 left on base; Syracuse 8 - Las Vegas 5 |
|